 Dungeon Crawl Stone Soup version 0.30.1-11-g7821555f0a (webtiles) character file.

Game seed: 5770535318816358790

4883 SacredBeard the Reanimator (level 10, -3/83 HPs)
             Began as a Demonspawn Necromancer on Nov 24, 2023.
             Slain by an orc warrior
             ... wielding a +0 halberd
              (13 damage)
             ... on level 8 of the Dungeon.
             The game lasted 00:31:33 (12755 turns).

SacredBeard the Reanimator (DsNe)                  Turns: 12755, Time: 00:31:33

Health: -3/83      AC: 10    Str: 13    XL:     10   Next: 26%
Magic:  13/13      EV: 12    Int: 17    God:
Gold:   306        SH:  0    Dex: 13    Spells: 12/13 levels left

rFire   . . .        E - +1 short sword (elec)
rCold   . . .        (no shield)
rNeg    + . .        M - +2 robe {rN+}
rPois   .            y - +1 hat
rElec   .            J - +0 cloak
rCorr   .            c - +0 pair of gloves
SInv    .            (no boots)
Will    .....        (no amulet)
Stlth   ++           s - +4 ring of slaying
HPRegen 0.33/turn    (no ring)
MPRegen 0.13/turn

%: no passive effects
@: no status effects
A: slimy green scales 2, foul stench 1, demonic touch 2
a: no special abilities


You were on level 8 of the Dungeon.
You visited 2 branches of the dungeon, and saw 9 of its levels.
You also visited: Sewer.

You collected 383 gold pieces.
You spent 77 gold pieces at shops.

Inventory:

Hand Weapons
 E - a +1 short sword of electrocution (weapon)
Missiles
 o - 22 poisoned darts
 p - 122 stones
 x - 2 curare-tipped darts
 C - 2 throwing nets
Armour
 c - a +0 pair of gloves (worn)
 r - a scarf of harm
 y - a +1 hat (worn)
 J - a +0 cloak (worn)
 M - a +2 robe of positive energy (worn)
Jewellery
 s - a +4 ring of slaying (left hand)
 N - an amulet of the acrobat
 O - an amulet of faith
Wands
 I - a wand of quicksilver (13)
 K - a wand of polymorph (6)
 Q - a wand of charming (17)
Scrolls
 e - 3 scrolls of identify
 h - 5 scrolls of teleportation
 j - 2 scrolls of blinking {unknown}
 k - a scroll of noise {unknown}
 n - 3 scrolls of vulnerability
 q - 2 scrolls of enchant armour {unknown}
 w - a scroll of brand weapon {unknown}
 D - 2 scrolls of magic mapping {unknown}
 F - a scroll of immolation {unknown}
 G - a scroll of fear {unknown}
 H - a scroll of enchant weapon {unknown}
 L - a scroll of poison {unknown}
 P - a scroll of fog {unknown}
 R - a scroll of silence {unknown}
Potions
 a - a potion of berserk rage {unknown}
 b - a potion of magic
 d - 2 potions of cancellation
 f - a potion of brilliance {unknown}
 g - a potion of mutation {unknown}
 i - a potion of degeneration {unknown}
 l - 4 potions of haste
 m - a potion of lignification {unknown}
 t - 2 potions of heal wounds
 u - 3 potions of might {unknown}
 v - 3 potions of flight {unknown}
 z - a potion of invisibility {unknown}
 A - 2 potions of attraction {unknown}
 B - 5 potions of curing


   Skills:
 - Level 9.0 Fighting
 - Level 2.0 Throwing
 - Level 2.0 Armour
 - Level 2.0 Dodging
 - Level 3.0 Stealth
 + Level 6.6 Unarmed Combat
 - Level 2.0 Spellcasting
 - Level 10.0 Necromancy
 - Level 3.0 Evocations


You had 12 spell levels left.
You knew the following spells:

 Your Spells              Type           Power      Damage    Failure   Level
a - Necrotise             Necr           100%       1d9       1%          1

Your spell library contained the following spells:

 Spells                   Type           Power      Damage    Failure   Level
 Vampiric Draining        Necr           35%        2d8       1%          3
 Animate Dead             Necr           35%        N/A       3%          4
 Agony                    Necr           35%        N/A       9%          5
 Apportation              Tloc           2%         N/A       19%         1
 Summon Small Mammal      Summ           4%         N/A       19%         1
 Call Canine Familiar     Summ           1%         N/A       50%         3
 Hailstorm                Conj/Ice       1%         3d3       50%         3
 Summon Guardian Golem    Hex/Summ       1%         N/A       50%         3
 Volatile Blastmotes      Fire/Tloc      2%         2d10      50%         3
 Fulminant Prism          Conj/Hex       0%         3d5       88%         4
 Ice Form                 Ice/Tmut       1%         N/A       88%         4
 Iskenderun's Mystic Bla  Conj/Tloc      1%         2d3       88%         4
 Simulacrum               Ice/Necr       9%         N/A       98%         6
 Alistair's Intoxication  Tmut/Pois      0%         N/A       99%         5
 Blade Hands              Tmut           0%         N/A       99%         5
 Irradiate                Conj/Tmut      0%         3d11      99%         5
 Lee's Rapid Deconstruct  Erth           0%         3d4*      99%         5
 Dragon Form              Tmut           0%         N/A       100%        7


Dungeon Overview and Level Annotations

Branches:
Dungeon (8/15) Zot: 25922  Temple (1/1) D:4 Zot: 5907   Sewer (visited)
   Lair: D:8-11

Altars:
Ashenzari
Cheibriados
Dithmenos
Fedhas
Gozag
Hepliaklqana
Kikubaaqudgha
Makhleb
Nemelex Xobeh
Okawaru
Qazlal
Sif Muna
Trog
Vehumet
Wu Jian
Xom
Yredelemnul

Shops:
D:1 [   D:2 ?   D:4 (   D:6 *

Annotations:
D:3 Sigmund
D:5 exclusion: oklob plant
D:6 Grinder
D:7 Joseph


Innate Abilities, Weirdness & Mutations

You are mostly covered in slimy green scales. (AC +3)
You may rarely emit foul miasma when damaged in melee.
Your touch may inflict irresistible damage on your foes.


Message History

You hit the centaur zombie but do no damage.
Lightning courses through the centaur zombie!
The centaur zombie is severely damaged.
The centaur zombie closely misses you.
The centaur zombie kicks you but does no damage.
You hit the centaur zombie.
You touch the centaur zombie.
You destroy the centaur zombie!
The two-headed ogre struggles to resist.
You barely miss the two-headed ogre. The two-headed ogre closely misses you.
The two-headed ogre barely misses you.
You closely miss the two-headed ogre.
An orc warrior comes into view. It is wielding a +0 halberd.
The two-headed ogre hits you with a +0 giant club!
The two-headed ogre barely misses you.
The orc warrior shouts!
You hit the two-headed ogre.
You touch the two-headed ogre!
The two-headed ogre is moderately wounded.
You hit the two-headed ogre.
You touch the two-headed ogre!
The two-headed ogre is heavily wounded.
The two-headed ogre hits you with a +0 giant club!!
The two-headed ogre hits you with a +0 giant spiked club.
You hit the two-headed ogre.
You touch the two-headed ogre!
The two-headed ogre is severely wounded.
The two-headed ogre barely misses you. x2
You barely miss the two-headed ogre.
The two-headed ogre is severely wounded.
You hit the two-headed ogre.
You touch the two-headed ogre!
The two-headed ogre is almost dead.
The two-headed ogre hits you with a +0 giant club!!
* * * LOW HITPOINT WARNING * * *
The two-headed ogre hits you with a +0 giant spiked club.
* * * LOW HITPOINT WARNING * * *
The orc warrior hits you from afar with a +0 halberd!
* * * LOW HITPOINT WARNING * * *
An orc comes into view. It is wielding a +0 hand axe.
You hit the two-headed ogre.
Lightning courses through the two-headed ogre!
You kill the two-headed ogre!
The orc warrior hits you from afar with a +0 halberd!
You die...

#........#.................###
................##...........###
...####.#.......##..............
.. #.#.......# .............
...#'#o......# .............
........###### '#...........
............# #........#..
............####.#........#..
..#.......o.@)...#........#..
.......#......#......<..###..
8......#......# ... ... #..
.........##...# . ##'
.....8...##...# #.
.....8..##...# #. ..... #...#
§§§##. #...# .§§.... §..§##.


You could see an orc warrior and an orc.

Vanquished Creatures
  A two-headed ogre (D:8)
  Pikel (D:7)
  An unseen horror zombie (D:8)
  Maggie (D:7)
  A wyvern (D:8)
  2 steam dragons (D:7)
  Menkaure (D:7)
  A water moccasin (D:7)
  An orc warrior (D:7)
  3 black bears
  An ogre (D:7)
  2 centaurs
  2 lemures (D:7)
  A phantom (D:6)
  3 kobold brigands
  7 bullfrogs
  4 scorpions
  A wyvern zombie (D:8)
  7 wights
  4 killer bees (D:8)
  2 howler monkeys (D:8)
  A centaur zombie (D:8)
  3 hounds
  A jelly (D:5)
  5 orc priests
  Crazy Yiuf (D:5)
  Jessica (D:2)
  2 iguanas
  5 orc wizards
  A killer bee zombie (D:8)
  3 howler monkey zombies (D:8)
  10 gnolls
  14 adders
  3 river rats (Sewer)
  2 white imps
  An ufetubus (D:4)
  7 worms
  A dart slug (D:4)
  27 orcs
  6 ball pythons
  11 endoplasms
  8 giant cockroaches
  2 goblins
  7 hobgoblins
  6 jackals
  5 quokkas
  3 bats
  3 frilled lizards
  12 kobolds
  9 rats
207 creatures vanquished.

Vanquished Creatures (collateral kills)
  A wight (D:8)
  A hound (D:6)
  2 jackals
  A kobold (D:8)
5 creatures vanquished.

Grand Total: 212 creatures vanquished

Notes
Turn   | Place    | Note
-------+----------+-------------------------------------------
     0 | D:1      | SacredBeard the Demonspawn Necromancer began the quest for
                  | the Orb.
     0 | D:1      | Reached XP level 1. HP: 13/13 MP: 3/3
   182 | D:1      | Found a faded altar of an unknown god.
   247 | D:1      | Gained mutation: Your touch may inflict minor irresistible
                  | damage on your foes. [demonic ancestry]
   247 | D:1      | Reached XP level 2. HP: 14/20 MP: 0/5
   892 | D:1      | Found Sicraeky's Antique Armour Shop.
  1052 | D:2      | Reached skill level 1 in Fighting
  1052 | D:2      | Reached XP level 3. HP: 25/26 MP: 0/6
  1125 | D:2      | Reached skill level 1 in Armour
  1214 | D:2      | Noticed Jessica
  1422 | D:2      | Reached skill level 5 in Necromancy
  1635 | D:2      | Gained mutation: You are partially covered in slimy green
                  | scales. (AC +2) [demonic ancestry]
  1635 | D:2      | Reached XP level 4. HP: 9/32 MP: 0/7
  1828 | D:2      | Found The Oracle's Delphic Readings.
  1832 | D:2      | Bought a scroll of teleportation for 33 gold pieces
  1832 | D:2      | Bought a scroll of identify for 22 gold pieces
  1832 | D:2      | Bought a scroll of identify for 22 gold pieces
  2445 | D:3      | Noticed Sigmund
  2936 | D:3      | Reached XP level 5. HP: 12/38 MP: 4/8
  3062 | D:3      | Found a glowing drain.
  3073 | Sewer    | Entered a sewer
  3694 | Sewer    | Reached skill level 6 in Necromancy
  3936 | Sewer    | Gained mutation: You are mostly covered in slimy green
                  | scales. (AC +3) [demonic ancestry]
  3936 | Sewer    | Reached XP level 6. HP: 45/45 MP: 5/9
  4089 | Sewer    | Reached skill level 1 in Throwing
  5020 | D:4      | Found a staircase to the Ecumenical Temple.
  5037 | Temple   | Entered the Ecumenical Temple
  5462 | D:4      | Reached skill level 7 in Necromancy
  5462 | D:4      | Gained mutation: You may rarely emit foul miasma when
                  | damaged in melee. [demonic ancestry]
  5462 | D:4      | Reached XP level 7. HP: 46/52 MP: 4/10
  5725 | D:4      | Found a basalt altar of Yredelemnul.
  5726 | D:4      | Found an opulent altar of Gozag.
  6017 | D:4      | You fall into a shaft and drop 2 floors!
  6118 | D:6      | Reached skill level 8 in Necromancy
  6321 | D:6      | Noticed Grinder
  6324 | D:6      | Found an ancient bone altar of Kikubaaqudgha.
  6583 | D:6      | Found Xoelege's General Store.
  6996 | D:6      | Reached skill level 9 in Necromancy
  7003 | D:6      | Reached XP level 8. HP: 31/58 MP: 0/11
  7337 | D:5      | Entered Level 5 of the Dungeon
  7434 | D:5      | Reached skill level 10 in Necromancy
  7542 | D:5      | Found a stormy altar of Qazlal.
  7604 | D:5      | Reached skill level 1 in Unarmed Combat
  7680 | D:5      | Found a runed translucent door.
  7681 | D:5      | Noticed Crazy Yiuf
  7699 | D:5      | Found a bloodstained altar of Trog.
  8090 | D:5      | Found a snail-covered altar of Cheibriados.
  8090 | D:5      | Noticed a torpor snail
  8090 | D:5      | Noticed a torpor snail
  8091 | D:5      | Noticed a torpor snail
  8339 | D:5      | Found a blossoming altar of Fedhas.
  8358 | D:5      | Noticed an oklob plant
  8501 | D:5      | Found a shimmering blue altar of Sif Muna.
  8909 | D:2      | Killed Jessica
  9031 | D:4      | Reached skill level 5 in Fighting
  9085 | D:4      | Found Biubialayt's Weapon Shop.
  9435 | D:5      | Killed Crazy Yiuf
  9584 | D:7      | Found a burning altar of Makhleb.
  9689 | D:7      | Reached skill level 1 in Evocations
  9690 | D:7      | Noticed Pikel
  9702 | D:7      | Noticed Menkaure
  9989 | D:7      | Noticed Maggie
  9997 | D:7      | Gained mutation: Your touch may inflict irresistible damage
                  | on your foes. [demonic ancestry]
  9997 | D:7      | Reached XP level 9. HP: 42/69 MP: 3/12
 10196 | D:7      | HP: 3/67 [Menkaure (4)]
 10197 | D:7      | Killed Menkaure
 10424 | D:7      | Killed Pikel
 10579 | D:7      | Killed Maggie
 10744 | D:7      | Noticed Joseph
 10767 | D:7      | Found a broken altar of Ashenzari.
 11838 | D:8      | Reached skill level 5 in Unarmed Combat
 11872 | D:8      | Reached XP level 10. HP: 22/82 MP: 3/13
 12742 | D:8      | Noticed a two-headed ogre
 12755 | D:8      | Killed a two-headed ogre
 12755 | D:8      | Slain by an orc warrior

Illustrated notes

Levels and vault maps discovered:
D:1:      dpeg_arrival_erosion, layout_basic, serial_shops, shop,
          hellmonk_ecumenical_altar_lost_god
D:2:      layout_basic, nicolae_nh_oracle_at_delphi, uniq_jessica
D:3:      layout_basic, gup_sewer_entry_pipe, uniq_sigmund
D:4:      layout_basic, mainiacjoe_overflow_divided_tiny,
          minmay_temple_entry_proselytizer, serial_corexii_hall,
          chequers_hall_statues_wall_a, chequers_hall_statues_corner_a,
          chequers_hall_statues_corner_a, serial_shops,
          nicolae_shop_bloodbath_and_beyond
D:5:      layout_basic, tgw_fedhas, overflow_temple_1_default,
          kennysheep_little_box, trog_ov_bears_minmay, cheibriados_altar_2,
          serial_glass, glass_columns_c, glass_columns_a, glass_columns_a,
          glass_columns_b, glass_columns_c, uniq_crazy_yiuf_cottage
D:6:      layout_loops_corners, lemuel_tele_altar, serial_shops, shop,
          uniq_grinder
D:7:      layout_loops_corners, mainiacjoe_overflow_tiny_flanked,
          mainiacjoe_overflow_alcove_2, evilmike_ruin_ashenzari, uniq_menkaure,
          uniq_joseph, uniq_pikel, uniq_maggie
D:8:      layout_basic, serial_undead, serial_undead_e, serial_undead_a,
          serial_undead_e, serial_undead_a
Temple:   nicolae_temple_cloud_nine

Skill      XL: |  1  2  3  4  5  6  7  8  9 10 |
---------------+-------------------------------+-----
Stealth        | 2 3 |  3.0
Dodging        | 2 |  2.0
Fighting       | 1 2 3 5 8 9 |  9.0
Armour         | 1 2 |  2.0
Necromancy     | 5 6 7 9 10 | 10.0
Throwing       | 2 |  2.0
Unarmed Combat | 3 5 6 |  6.6
Evocations     | 1 3 |  3.0
Spellcasting   | |  2.0

Action                     |  1- 3 |  4- 6 |  7- 9 | 10-12 || total
---------------------------+-------+-------+-------+-------++-------
  Melee: Whip              |    10 |       |       |       ||    10
         Touch             |     5 |     2 |     9 |    10 ||    26
         Punch             |     1 |     1 |     4 |     4 ||    10
         Short sword       |     8 |    18 |    77 |    62 ||   165
  Throw: Stone             |       |    10 |    13 |       ||    23
         Dart              |       |       |     2 |       ||     2
   Cast: Necrotise         |    59 |   179 |   293 |    20 ||   551
    Use: Scroll            |       |     2 |     5 |       ||     7
         Potion            |       |       |     4 |     1 ||     5
   Stab: Distracted        |       |       |     1 |       ||     1
 Armour: Robe              |     8 |    13 |    84 |    35 ||   140
  Dodge: Dodged            |    22 |    31 |   152 |    49 ||   254
